 Dungeon Crawl Stone Soup version 0.29.1-15-g9cfb28693d (webtiles) character file.

Game seed: 11943792935135870683

28 protoss039 the Digger (level 3, 0/26 HPs)
             Began as a Demonspawn Earth Elementalist on Mar 1, 2023.
             Succumbed to Robin's poison
             ... on level 2 of the Dungeon.
             The game lasted 00:01:44 (1193 turns).

protoss039 the Digger (DsEE)                        Turns: 1193, Time: 00:01:45

Health: 0/26       AC:  4    Str:  8    XL:     3   Next: 0%
Magic:  5/6        EV: 11    Int: 18    God:
Gold:   62         SH:  0    Dex: 13    Spells: 4/7 levels left

rFire   . . .      SeeInvis .   i - +0 dagger
rCold   . . .      Faith    .   (no shield)
rNeg    . . .      Spirit   .   m - +0 leather armour
rPois   .          Reflect  .   (helmet restricted)
rElec   .          Harm     .   (no cloak)
rCorr   .          Rampage  .   l - +0 pair of gloves
Will    .....                   (no boots)
Stlth   ++........              (no amulet)
HPRegen 0.08/turn               (no ring)
MPRegen 0.10/turn               (no ring)

@: lethally poisoned (0 -> -19)
A: claws 1, horns 1
a: no special abilities


You were on level 2 of the Dungeon.
You visited 1 branch of the dungeon, and saw 2 of its levels.

You collected 62 gold pieces.

Inventory:

Hand Weapons
 i - a +0 dagger (weapon)
Armour
 l - a +0 pair of gloves (worn)
 m - a +0 leather armour (worn)
Scrolls
 d - 3 scrolls of identify {unknown}
 e - a scroll of summoning {unknown}
 h - 4 scrolls of fear {unknown}
 j - a scroll of enchant armour {unknown}
 k - a scroll of teleportation {unknown}
Potions
 a - a potion of curing {unknown}
 b - a potion of magic
 c - a potion of invisibility {unknown}
 f - a potion of ambrosia {unknown}
 g - 2 potions of heal wounds {unknown}
 n - 2 potions of flight {unknown}


   Skills:
 + Level 1.3 Fighting
 - Level 1.7 Dodging
 - Level 1.7 Stealth
 + Level 2.5 Spellcasting
 - Level 0.8 Transmutations
 + Level 3.1 Earth Magic


You had 4 spell levels left.
You knew the following spells:

 Your Spells              Type           Power      Damage    Failure   Level
a - Sandblast             Erth           26%        2d8       7%          1
b - Passwall              Tmut/Erth      7%         N/A       17%         2

Your spell library contained the following spells:

 Spells                   Type           Power      Damage    Failure   Level
 Stone Arrow              Conj/Erth      14%        3d7       36%         3
 Petrify                  Tmut/Erth      9%         N/A       73%         4


Dungeon Overview and Level Annotations

Branches:
Dungeon (2/15) Zot: 10788

Altars:

Shops:
D:1 *

Annotations:
D:2 Robin


Innate Abilities, Weirdness & Mutations

You have sharp fingernails.
You have a pair of small horns on your head.


Message History

Increase (S)trength, (I)ntelligence, or (D)exterity?
You feel clever. x2; Your demonic ancestry asserts itself...
A pair of horns grows on your head!
Robin's bangles clink loudly.
You barely miss Robin. Robin misses you.
You hit Robin.
Robin is lightly wounded.
Robin hits you with a +3 dagger of venom.
You are poisoned.
You hit Robin. You headbutt Robin.
Robin is moderately wounded.
You feel very sick.
Robin hits you with a +3 dagger of venom.
You are lethally poisoned!
Unknown command.
You hit Robin but do no damage.
Robin is moderately wounded.
You feel very sick.
Robin hits you with a +3 dagger of venom.
You are more poisoned.
Unknown command.
You are too injured to fight recklessly!
Unknown command.
You are too injured to fight recklessly!
Unknown command.
You are too injured to fight recklessly!
Okay, then.
Magic courses through your body.
* * * LOW HITPOINT WARNING * * *
You feel very sick.
Robin hits you with a +3 dagger of venom.
* * * LOW HITPOINT WARNING * * *
Casting: Sandblast (safe; 7% risk of failure)
Confirm with . or Enter, or press ? or * to list all spells.
Aiming: Sandblast (safe; 7% risk of failure)
Press: ? - help, Shift-Dir - straight line, f - Robin
Aim: Robin, wielding a +3 dagger of venom, wearing a +0 animal skin and wearing a +0 helmet (moderately wounded, 87% to hit)
The blast of sand hits Robin.
Robin is severely wounded.
You die...

## ### ### ... #.. ... ###.
.### #.# #.# ##.. ..# #.#
#.# #..#####.# ##.###.#
#....#...#####<..##.###.#..
#.##.#)#.)))g@.#...........
#.##g..#.#####...#.####.#..
####.g....#.# ##.#.#.#
..........#.# #..###..
)#######.g#.# ###.# ### .##
#..... #.# g.# #...... ..#
#.## #....... .. 8g8###
##.....#


You could see Robin.

Vanquished Creatures
  An endoplasm (D:1)
  5 hobgoblins
  3 kobolds
  2 bats (D:1)
  2 frilled lizards
  9 goblins
  3 rats (D:1)
25 creatures vanquished.

Notes
Turn   | Place    | Note
-------+----------+-------------------------------------------
     0 | D:1      | protoss039 the Demonspawn Earth Elementalist began the
                  | quest for the Orb.
     0 | D:1      | Reached XP level 1. HP: 13/13 MP: 3/3
   382 | D:1      | Found Epnail's General Store.
   507 | D:1      | Discovered your monstrous ancestry.
   507 | D:1      | Gained mutation: You have sharp fingernails. [demonic
                  | ancestry]
   507 | D:1      | Reached XP level 2. HP: 20/20 MP: 3/5
  1038 | D:2      | Learned a level 2 spell: Passwall
  1063 | D:2      | Reached skill level 1 in Fighting
  1138 | D:2      | Reached skill level 3 in Earth Magic
  1146 | D:2      | Noticed Robin
  1187 | D:2      | Gained mutation: You have a pair of small horns on your
                  | head. [demonic ancestry]
  1187 | D:2      | Reached XP level 3. HP: 25/26 MP: 0/6
  1193 | D:2      | Succumbed to Robin's poison

Illustrated notes

Levels and vault maps discovered:
D:1:      nzn_arrival_water_spiral, layout_basic, serial_shops, shop,
          minmay_heptomino_h4
D:2:      layout_loops_ring, ebering_ecumenical_altar_box,
          small_statue_intersection, uniq_robin

Skill      XL: |  1  2 |
---------------+-------+-----
Fighting       | 1 |  1.3
Earth Magic    | 3 |  3.1
Dodging        | |  1.7
Stealth        | |  1.7
Spellcasting   | |  2.5
Transmutations | |  0.8

Action                   || total
-------------------------++-------
Melee: Unarmed           ||    12
       Dagger            ||    21
       Headbutt          ||     1
 Cast: Sandblast         ||    29
  Use: Potion            ||     1
Armor: Robe              ||     3
       Leather armour    ||    13
Dodge: Dodged            ||    27
